 Dungeon Crawl Stone Soup version 0.28.0-43-g3370ac3207 (webtiles) character file.

Game seed: 14494362603070193470

2744 sking99 the Thaumaturge (level 9, 0/69 HPs)
             Began as a Gnoll Hedge Wizard on Mar 18, 2022.
             Was a Believer of Ashenzari.
             Slain by a sixfirhy (9 damage)
             ... summoned by a kobold demonologist
             ... on level 7 of the Dungeon.
             The game lasted 00:22:50 (9842 turns).

sking99 the Thaumaturge (Gnoll Hedge Wizard)        Turns: 9842, Time: 00:22:51

Health: 0/69       AC:  8    Str: 14    XL:     9   Next: 68%
Magic:  12/22      EV: 14    Int: 14    God:    Ashenzari [**....]
Gold:   400        SH:  0    Dex: 11    Spells: 16/27 levels left

rFire   . . .      SeeInvis +   n - +2 dagger "Shackled Oracle" {venom, Self, Elem} (curse)
rCold   . . .      Faith    .   (no shield)
rNeg    . . .      Spirit   .   b - +0 robe
rPois   .          Reflect  .   h - +0 helmet "Enigmatic Adversity" {Cun, Comp} (curse)
rElec   .          Harm     .   (no cloak)
rCorr   .          Rampage  .   (no gloves)
Will    .....                   w - +0 pair of boots of Ashenzari's Portent {Bglg, Elem} (curse)
Stlth   +++.......              x - amulet of the acrobat
HPRegen 0.21/turn               y - +4 ring of protection
MPRegen 0.18/turn               (no ring)

@: about to teleport, slowed, very slow
A: fangs 1, strong nose, distributed training
a: Renounce Religion, Curse Item, Shatter the Chains


You were on level 7 of the Dungeon.
You worshipped Ashenzari.
Ashenzari was pleased with you.
You visited 2 branches of the dungeon, and saw 8 of its levels.
You also visited: Ossuary.

You collected 400 gold pieces.

Inventory:

Hand Weapons
 n - the cursed +2 dagger "Shackled Oracle" (weapon) {venom, Self, Elem}
   (You took it off a kobold on level 2 of the Dungeon)

   It poisons the flesh of those it strikes.
   It has a curse which improves the following skills: Introspection: Fighting
   and Spellcasting.
   Elements:  Fire Magic, Ice Magic, Air Magic and Earth Magic.
Missiles
 t - a throwing net
Armour
 b - a +0 robe (worn)
 h - the cursed +0 helmet "Enigmatic Adversity" (worn) {Cun, Comp}
   (You found it on level 1 of the Dungeon)

   It has a curse which improves the following skills: Cunning: Dodging and
   Stealth.
   Companions: Summonings and Necromancy.
 w - the cursed +0 pair of boots of Ashenzari's Portent (worn) {Bglg, Elem}
   (You found it on level 4 of the Dungeon)

   It has a curse which improves the following skills: Beguiling: Conjurations,
   Hexes and Translocations.
   Elements:  Fire Magic, Ice Magic, Air Magic and Earth Magic.
Magical Staves
 f - a staff of death
Jewellery
 x - an amulet of the acrobat (around neck)
 y - a +4 ring of protection (left hand)
Wands
 q - a wand of flame (9)
 r - a wand of digging (13)
 B - a wand of polymorph (3)
Scrolls
 a - a scroll of summoning
 c - 3 scrolls of holy word
 g - a scroll of teleportation
 i - a scroll of silence
 j - 3 scrolls of fog
 l - 2 scrolls of amnesia
 o - a scroll of enchant weapon
 v - a scroll of immolation
 z - a scroll of enchant armour
 G - a scroll of fear
Potions
 d - 2 potions of haste
 e - 2 potions of lignification
 k - 2 potions of brilliance
 m - a potion of flight
 p - a potion of curing
 s - a potion of berserk rage
 u - a potion of heal wounds
 A - a potion of mutation
 C - 2 potions of magic
 D - 2 potions of resistance
 E - 2 potions of invisibility
 F - 2 potions of might


   Skills:
 + Level 4.5(5.7) Fighting
 + Level 4.5 Short Blades
 + Level 4.5 Long Blades
 + Level 4.5 Axes
 + Level 4.5 Maces & Flails
 + Level 4.5 Polearms
 + Level 4.5 Staves
 + Level 4.5 Slings
 + Level 4.5 Bows
 + Level 4.5 Crossbows
 + Level 4.5 Throwing
 + Level 4.5 Armour
 + Level 6.5(7.7) Dodging
 + Level 6.2(7.4) Stealth
 + Level 4.5 Shields
 + Level 4.5 Unarmed Combat
 + Level 8.5(9.8) Spellcasting
 + Level 4.3(5.5) Conjurations
 + Level 3.7(4.8) Hexes
 + Level 4.3(5.5) Summonings
 + Level 3.7(4.8) Necromancy
 + Level 4.3(5.5) Translocations
 + Level 3.7 Transmutations
 + Level 3.7(5.4) Fire Magic
 + Level 3.7(5.4) Ice Magic
 + Level 3.7(5.4) Air Magic
 + Level 3.7(5.4) Earth Magic
 + Level 3.7 Poison Magic
 + Level 4.9 Invocations
 + Level 4.5 Evocations


You had 16 spell levels left.
You knew the following spells:

 Your Spells              Type           Power      Damage    Failure   Level
a - Magic Dart            Conj           88%        1d7       1%          1
b - Call Canine Familiar  Summ           22%        N/A       3%          3
c - Call Imp              Summ           22%        N/A       1%          2
d - Mephitic Cloud        Conj/Pois/Air  20%        N/A       4%          3
z - Blink                 Tloc           44%        N/A       1%          2

Your spell library contained the following spells:

 Spells                   Type           Power      Damage    Failure   Level
 Slow                     Hex            80%        N/A       1%          1
 Summon Small Mammal      Summ           88%        N/A       1%          1
 Conjure Flame            Conj/Fire      22%        6-21      3%          3
 Inner Flame              Hex/Fire       21%        N/A       3%          3
 Summon Guardian Golem    Hex/Summ       21%        N/A       3%          3
 Tukima's Dance           Hex            20%        N/A       4%          3
 Anguish                  Hex/Necr       10%        N/A       14%         4
 Cause Fear               Hex            10%        N/A       14%         4
 Enfeeble                 Hex            10%        N/A       100%        7
 Discord                  Hex            10%        N/A       100%        8


Dungeon Overview and Level Annotations

Branches:
Dungeon (7/15)             Temple (1/1) D:5         Ossuary (visited)

Altars:
Ashenzari
Fedhas
Gozag
Hepliaklqana
Kikubaaqudgha
Makhleb
Nemelex Xobeh
Okawaru
Qazlal
Trog
Uskayaw
Vehumet
Xom
Yredelemnul
Zin
The Shining One

Shops:
D:7 (

Annotations:
D:4 2 transporters, diceflayer's ghost, amateur MiFi


Innate Abilities, Weirdness & Mutations

You have very sharp teeth.
Your uncanny sense of smell can sniff out nearby items.
Your experience applies equally to all skills.


Message History

You feel as though you will be slow longer.
Your hound bites the wraith.
The wraith closely misses your hound.
You hit the wraith but do no damage. You bite the wraith, but do no damage.
The wraith is almost destroyed.
Your hound bites the wraith.
The wraith is destroyed!
You hit the kobold demonologist but do no damage.
The kobold demonologist is poisoned.
Your hound bites the kobold demonologist.
The kobold demonologist hits you with a +2 dagger of speed.
* * * LOW HITPOINT WARNING * * *
Your hound misses the kobold demonologist.
The kobold demonologist gestures wildly while chanting.
Okay, then.
As you read the scroll of teleportation, it crumbles to dust.
You feel strangely unstable.
Your hound misses the kobold demonologist.
The kobold demonologist casts a spell.
Your hound bites the kobold demonologist.
You closely miss the kobold demonologist.
Your punch misses the kobold demonologist.
The kobold demonologist is lightly wounded.
Your hound bites the kobold demonologist.
The kobold demonologist hits you with a +2 dagger of speed.
* * * LOW HITPOINT WARNING * * *
Your crimson imp hits the crimson imp.
Your hound bites the kobold demonologist but does no damage.
The crimson imp misses you.
The kobold demonologist closely misses you.
You hit the kobold demonologist but do no damage.
The kobold demonologist looks even sicker.
Your bite misses the kobold demonologist.
The kobold demonologist is moderately wounded.
The sixfirhy hits your hound! The sixfirhy shocks your hound!
Your hound dies!
Your hound's corpse disappears in a puff of smoke!
The sixfirhy misses you.
The sixfirhy hits you but does no damage.
The sixfirhy hits you!
You die...

, ** ,#..####...##.#.#
, ∆∆, #.#..####....#.#
, * ∆∆
,,#.#.#..####..#.# * *
,,#.#.#.#..####..# *
.# ..#.#.#.#).###.#
#..# #.#.#.#.#.#....#
* #..#.#.#.#.#..###.#
#.#
*#**#55#.#.#..###...#
* #.# , ,#.*
#@3#5.###...#.#* ##.#
∆
∆#.####K.###...###...,
#..#, #55.{{###...###
##### #..# ∆
∆#K#####...### * #..#
, {#.###....### *
###..# * ###...####
.....# ###...###
####.####...#.#
#......###.#


You could see a kobold demonologist (very poisoned, ally target), a sixfirhy
(summoned), a crimson imp (summoned) and a friendly crimson imp (summoned).

Vanquished Creatures
  An orc warrior (D:6)
  A hornet zombie (D:7)
  A black bear (D:3)
  2 ogres (D:5)
  A necrophage (D:4)
  4 lemures (D:6)
  A phantom (D:5)
  An elf zombie (Ossuary)
  A scorpion (D:4)
  2 water moccasin skeletons (D:5)
  A killer bee (D:7)
  A bullfrog skeleton (D:4)
  A hound (D:3)
  A jelly (D:5)
  2 orc priests
  Ijyb (D:3)
  3 orc wizards
  A hound skeleton (D:4)
  A hound zombie (Ossuary)
  A mummy (Ossuary)
  2 gnolls
  An adder (D:3)
  A white imp (D:7)
  A worm (D:2)
  A dart slug (D:2)
  9 orcs
  6 ball pythons
  10 endoplasms
  A giant cockroach (D:2)
  A gnoll zombie (Ossuary)
  6 goblins
  10 hobgoblins
  4 jackals
  3 quokkas
  10 bats
  3 frilled lizards (D:1)
  A goblin zombie (Ossuary)
  A jackal zombie (Ossuary)
  6 kobolds
  2 kobold zombies (Ossuary)
  An orc zombie (Ossuary)
  6 rats
  A rat zombie (Ossuary)
115 creatures vanquished.

Vanquished Creatures (collateral kills)
  Pikel (D:6)
  Grinder (D:5)
  A wraith (D:7)
  Edmund (D:6)
  A hornet zombie (D:6)
  A centaur zombie (D:6)
  2 hounds
  A bullfrog skeleton (D:5)
  2 orc priests
  An iguana (D:6)
  5 orc wizards
  A howler monkey zombie (D:5)
  3 mummies (Ossuary)
  2 adders (D:2)
  2 gnolls (D:4)
  A white imp (D:5)
  9 orcs
  An endoplasm (D:4)
  A gnoll zombie (Ossuary)
  A jackal (D:5)
  A kobold (D:1)
  A hobgoblin zombie (Ossuary)
  A kobold zombie (Ossuary)
  A quokka skeleton (D:4)
42 creatures vanquished.

Vanquished Creatures (others)
  A fungus (D:4)
1 creature vanquished.

Grand Total: 158 creatures vanquished

Notes
Turn   | Place    | Note
-------+----------+-------------------------------------------
     0 | D:1      | sking99 the Gnoll Hedge Wizard began the quest for the Orb.
     0 | D:1      | Reached XP level 1. HP: 13/13 MP: 8/8
   229 | D:1      | Reached XP level 2. HP: 19/19 MP: 5/10
   270 | D:1      | Learned a level 2 spell: Blink
   273 | D:1      | Learned a level 2 spell: Call Imp
   983 | D:1      | Reached XP level 3. HP: 25/25 MP: 8/11
  1584 | D:2      | Reached skill level 1 in Invocations
  1741 | D:2      | Learned a level 3 spell: Mephitic Cloud
  1749 | D:2      | Reached skill level 1 in Fighting
  1749 | D:2      | Reached skill level 1 in Short Blades
  1749 | D:2      | Reached skill level 1 in Long Blades
  1749 | D:2      | Reached skill level 1 in Axes
  1749 | D:2      | Reached skill level 1 in Maces & Flails
  1749 | D:2      | Reached skill level 1 in Polearms
  1749 | D:2      | Reached skill level 1 in Staves
  1749 | D:2      | Reached skill level 1 in Slings
  1749 | D:2      | Reached skill level 1 in Bows
  1749 | D:2      | Reached skill level 1 in Crossbows
  1749 | D:2      | Reached skill level 1 in Throwing
  1749 | D:2      | Reached skill level 1 in Armour
  1749 | D:2      | Reached skill level 1 in Shields
  1749 | D:2      | Reached skill level 1 in Unarmed Combat
  1749 | D:2      | Reached skill level 1 in Evocations
  2053 | D:2      | Reached XP level 4. HP: 32/32 MP: 5/13
  2354 | D:2      | Identified the +2 rapier of Fragile Peace {freeze, Contam
                  | rPois rN+}
  2784 | D:2      | Reached skill level 1 in Hexes
  2784 | D:2      | Reached skill level 1 in Necromancy
  2784 | D:2      | Reached skill level 1 in Transmutations
  2784 | D:2      | Reached skill level 1 in Fire Magic
  2784 | D:2      | Reached skill level 1 in Ice Magic
  2784 | D:2      | Reached skill level 1 in Air Magic
  2784 | D:2      | Reached skill level 1 in Earth Magic
  2784 | D:2      | Reached skill level 1 in Poison Magic
  2865 | D:3      | Reached XP level 5. HP: 30/37 MP: 9/14
  3145 | D:3      | Noticed Ijyb
  3155 | D:3      | Killed Ijyb
  3327 | D:3      | Found a basalt altar of Yredelemnul.
  3366 | D:3      | Found a broken altar of Ashenzari.
  3373 | D:3      | Became a worshipper of Ashenzari the Shackled
  3671 | D:3      | Reached XP level 6. HP: 29/44 MP: 5/16
  3817 | D:3      | Noticed a black bear
  3843 | D:3      | Killed a black bear
  3844 | D:3      | Reached skill level 5 in Dodging
  4161 | D:4      | Noticed a necrophage
  4362 | D:4      | Learned a level 3 spell: Call Canine Familiar
  4362 | D:4      | Found a transporter.
  4402 | D:4      | Reached XP level 7. HP: 49/50 MP: 11/18
  5004 | D:4      | Found an opulent altar of Gozag.
  5071 | D:4      | Found a transporter.
  5217 | D:4      | Noticed diceflayer's ghost (amateur MiFi)
  5568 | D:5      | Entered Level 5 of the Dungeon
  5580 | D:5      | Reached skill level 5 in Stealth
  5742 | D:5      | Reached * piety under Ashenzari
  5932 | D:5      | Found a staircase to the Ecumenical Temple.
  5961 | D:5      | Reached XP level 8. HP: 54/57 MP: 9/19
  6030 | Temple   | Entered the Ecumenical Temple
  6510 | D:5      | Found a stormy altar of Qazlal.
  7224 | D:5      | Found a bloodstained altar of Trog.
  7225 | D:5      | Noticed Grinder
  7241 | D:5      | Killed Grinder
  7242 | D:5      | Reached skill level 8 in Spellcasting
  7574 | D:6      | Noticed Edmund
  7597 | D:6      | Killed Edmund
  7687 | D:6      | Found a sand-covered staircase.
  7703 | Ossuary  | Entered an ossuary
  8096 | Ossuary  | Reached ** piety under Ashenzari
  8432 | D:6      | Reached XP level 9. HP: 67/67 MP: 13/22
  8685 | D:6      | Noticed Pikel
  8711 | D:6      | Killed Pikel
  9514 | D:7      | Found Egamuqa's Antique Weapon Emporium.
  9800 | D:7      | Noticed a kobold demonologist
  9806 | D:7      | Identified the ring of Viakewol {rF+++ rN+ Int-2 Slay+2
                  | Stlth+}
  9806 | D:7      | Noticed a kobold demonologist
  9823 | D:7      | Noticed an ice devil
  9842 | D:7      | Noticed a sixfirhy
  9842 | D:7      | Slain by a sixfirhy

Illustrated notes

Levels and vault maps discovered:
D:1:      saegor_arrival_simple_a, layout_loops_corners
D:2:      layout_loops_ring
D:3:      layout_loops_ring, nicolae_overflow_hidden_temple,
          mainiacjoe_overflow_six_doors_small, cheibrodos_gnoll_hut, uniq_ijyb
D:4:      layout_loops_ring, mainiacjoe_overflow_boulevard,
          gammafunk_ghost_stat_death, palyth_stone_intersect
D:5:      layout_layer_cave, mainiacjoe_overflow_surrounded_room,
          mainiacjoe_overflow_tiny_flanked, minmay_temple_entry_wispy,
          uniq_grinder
D:6:      layout_loops_corners, nicolae_ossuary_entry_ruins, uniq_edmund,
          uniq_pikel
D:7:      minmay_the_grid_triangle_9x9_rhombus_thin
          [minmay_the_grid_triangle_9x9_cache,
          minmay_the_grid_triangle_9x9_prize_special,
          minmay_the_grid_triangle_9x9_descending_squares,
          minmay_the_grid_triangle_9x9_flanged_cone], layout_loops_corners,
          lemuel_round_altar, ebering_ghost_xom, serial_shops,
          nicolae_shop_waterfront
Temple:   jpeg_temple_clearing

Skill      XL: |  1  2  3  4  5  6  7  8  9 |
---------------+----------------------------+-----
Conjurations   | 2 3 4 |  4.3
Summonings     | 2 3 4 |  4.3
Translocations | 2 3 4 |  4.3
Invocations    | 1 2 3 4 |  4.9
Fighting       | 1 2 3 4 |  4.5
Short Blades   | 1 2 3 4 |  4.5
Long Blades    | 1 2 3 4 |  4.5
Axes           | 1 2 3 4 |  4.5
Maces & Flails | 1 2 3 4 |  4.5
Polearms       | 1 2 3 4 |  4.5
Staves         | 1 2 3 4 |  4.5
Slings         | 1 2 3 4 |  4.5
Bows           | 1 2 3 4 |  4.5
Crossbows      | 1 2 3 4 |  4.5
Throwing       | 1 2 3 4 |  4.5
Armour         | 1 2 3 4 |  4.5
Shields        | 1 2 3 4 |  4.5
Unarmed Combat | 1 2 3 4 |  4.5
Evocations     | 1 2 3 4 |  4.5
Hexes          | 1 2 3 |  3.7
Necromancy     | 1 2 3 |  3.7
Transmutations | 1 2 3 |  3.7
Fire Magic     | 1 2 3 |  3.7
Ice Magic      | 1 2 3 |  3.7
Air Magic      | 1 2 3 |  3.7
Earth Magic    | 1 2 3 |  3.7
Poison Magic   | 1 2 3 |  3.7
Dodging        | 5 6 |  6.5
Stealth        | 5 6 |  6.2
Spellcasting   | 8 |  8.5

Action                   |  1- 3 |  4- 6 |  7- 9 || total
-------------------------+-------+-------+-------++-------
Melee: Dagger            |     3 |    25 |   155 ||   183
       Bite              |       |     2 |    25 ||    27
       Punch             |       |       |     5 ||     5
 Cast: Magic Dart        |   113 |   113 |   136 ||   362
       Call Imp          |     4 |     7 |    29 ||    40
       Blink             |     3 |       |       ||     3
       Call Canine Famil |       |     1 |    32 ||    33
       Mephitic Cloud    |       |     1 |     5 ||     6
Invok: Curse Item        |       |       |     3 ||     3
  Use: Scroll            |       |       |     1 ||     1
 Stab: Distracted        |       |     1 |     4 ||     5
       Confused          |       |       |     3 ||     3
Armor: Robe              |     7 |    13 |    54 ||    74
Dodge: Dodged            |    17 |    48 |   147 ||   212
